 Dungeon Crawl Stone Soup version 0.27-a0-802-gbe893936b8 (webtiles) character file.

Game seed: 13747492805532805095

1137 Hot the Grasshopper (level 8, -1/52 (64) HPs)
             Began as a Gnoll Warper on Mar 28, 2021.
             Was a Follower of Yredelemnul.
             Slain by a wight
             ... wielding a +3 dire flail
              (7 damage)
             ... on level 6 of the Dungeon.
             The game lasted 01:22:47 (5683 turns).

Hot the Grasshopper (Gnoll Warper)                  Turns: 5683, Time: 01:22:47

HP:   -1/52 (64)    AC: 11    Str: 14    XL:     8   Next: 36%
MP:   6/17          EV: 13    Int: 14    God:    Yredelemnul [*.....]
Gold: 249           SH:  0    Dex: 13    Spells: 3/19 levels left

rFire    + . .     SeeInvis .   a - +2 spear
rCold    . . .     Faith    .   (no shield)
rNeg     . . .     Spirit   .   c - +2 leather armour {rPois}
rPois    +         Reflect  .   (no helmet)
rElec    .         Harm     .   u - +2 cloak of Qinusehi {rF+ Str+4}
rCorr    .         Rampage  .   j - +2 pair of gloves
Will     +....                  (no boots)
Stlth    ++........             i - amulet of regeneration
HPRegen  1.17/turn              f - ring of willpower
MPRegen  0.15/turn              (no ring)

@: very slightly contaminated, heavily drained
A: fangs 1, strong nose, distributed training
a: Renounce Religion, Animate Remains


You were on level 6 of the Dungeon.
You worshipped Yredelemnul.
Yredelemnul was aware of your devotion.
You visited 1 branch of the dungeon, and saw 6 of its levels.

You collected 249 gold pieces.

Inventory:

Hand Weapons
 a - a +2 spear (weapon)
Missiles
 e - 5 boomerangs of dispersal
 h - 10 poisoned darts (quivered)
 s - 5 boomerangs
Armour
 c - a +2 leather armour of poison resistance (worn)
 j - a +2 pair of gloves (worn)
 u - the +2 cloak of Qinusehi (worn) {rF+ Str+4}
   (You found it on level 5 of the Dungeon)

   It affects your strength (+4).
   It protects you from fire.
Jewellery
 f - a ring of willpower (left hand)
 i - an amulet of regeneration (around neck)
 p - an amulet of magic regeneration
Scrolls
 d - 2 scrolls of blinking
 l - 3 scrolls of fog
 q - a scroll of amnesia {unknown}
 v - a scroll of identify
Potions
 b - a potion of berserk rage
 g - 3 potions of haste
 k - 3 potions of flight {unknown}
 n - 2 potions of curing
 o - 3 potions of cancellation {unknown}
 t - a potion of attraction {unknown}


   Skills:
 + Level 5.6 Fighting
 + Level 3.2 Short Blades
 + Level 3.2 Long Blades
 + Level 3.2 Axes
 + Level 3.2 Maces & Flails
 + Level 5.6 Polearms
 + Level 3.2 Staves
 + Level 3.2 Slings
 + Level 3.2 Bows
 + Level 3.2 Crossbows
 + Level 4.1 Throwing
 + Level 4.1 Armour
 + Level 5.6 Dodging
 + Level 3.2 Stealth
 + Level 3.2 Shields
 + Level 3.2 Unarmed Combat
 + Level 6.0 Spellcasting
 + Level 2.6 Conjurations
 + Level 2.6 Hexes
 + Level 2.6 Summonings
 + Level 2.6 Necromancy
 + Level 6.1 Translocations
 + Level 2.6 Transmutations
 + Level 2.6 Fire Magic
 + Level 2.6 Ice Magic
 + Level 2.6 Air Magic
 + Level 2.6 Earth Magic
 + Level 2.6 Poison Magic
 + Level 3.5 Invocations
 + Level 3.2 Evocations


You had 3 spell levels left.
You knew the following spells:

 Your Spells              Type           Power      Damage    Failure   Level
a - Gell's Gravitas       Tloc           10%        N/A       4%          3
b - Blink                 Tloc           N/A        N/A       2%          2
c - Manifold Assault      Tloc           21%        N/A       41%         5
d - Lesser Beckoning      Tloc           10%        N/A       4%          3
e - Teleport Other        Tloc           21%        N/A       4%          3

Your spell library contained the following spells:

 Spells                   Type           Power      Damage    Failure   Level
 Magic Dart               Conj           44%        1d5       7%          1
 Call Imp                 Summ           11%        N/A       10%         2
 Slow                     Hex            11%        N/A       10%         2
 Confusing Touch          Hex            11%        N/A       21%         3
 Conjure Flame            Conj/Fire      11%        6-21      21%         3
 Mephitic Cloud           Conj/Pois/Air  11%        N/A       21%         3
 Petrify                  Tmut/Erth      11%        N/A       54%         4
 Metabolic Englaciation   Hex/Ice        5%         N/A       88%         5
 Yara's Violent Unravell  Hex/Tmut       5%         3d4       88%         5


Dungeon Overview and Level Annotations

Branches:
Dungeon (6/15)
 Temple: D:4-7

Altars:
Elyvilon
Sif Muna
Yredelemnul

Shops:
D:2 :


Innate Abilities, Weirdness & Mutations

You have very sharp teeth.
Your uncanny sense of smell can sniff out nearby items.
Your experience applies equally to all skills.


Message History

The wight hits you with a +4 flail!
* * * LOW HITPOINT WARNING * * *
You feel drained.
* * * LOW HITPOINT WARNING * * *
Casting: Blink (safe; 2% risk of failure)
Confirm with . or Enter, or press ? or * to list all spells.
You blink.
You see here a +0 plate armour.
The wight hits you with a +3 dire flail.
The wight hits you with a +4 flail.
Casting: Blink (safe; 2% risk of failure)
Confirm with . or Enter, or press ? or * to list all spells.
You miscast Blink.
You are very lightly contaminated with residual magic.
Nothing appears to happen.
The wight misses you. The wight barely misses you.
Casting: Blink (safe; 2% risk of failure)
Confirm with . or Enter, or press ? or * to list all spells.
You blink.
You hit the wight.
The wight is heavily damaged.
The wight barely misses you.
You hit the wight but do no damage. Your bite misses the wight.
The wight is heavily damaged.
The wight completely misses you. The wight hits you with a +4 flail!
* * * LOW HITPOINT WARNING * * *
You feel drained.
* * * LOW HITPOINT WARNING * * *
Okay, then.
You feel much better.
The wight hits you with a +3 dire flail!
You feel drained. The wight hits you with a +4 flail!
* * * LOW HITPOINT WARNING * * *
You feel drained.
* * * LOW HITPOINT WARNING * * *
Casting: Blink (safe; 2% risk of failure)
Confirm with . or Enter, or press ? or * to list all spells.
You blink.
The wight hits you with a +3 dire flail!
You die...
Your body rises from the dead as a mindless zombie.

#. ∆ ###.#. #.#
########...#z ...
........z.... #.#
∆...#.###.#### #####.# #.
.# #..... ......## #.#.#
#..... #...###...# #.....
.. +...<# #..#∆ #.....
....#§z@####..#+###.....
........z.)........##.....
.#....###.)........###....
...... +...).......))....
##### #....).....###....
+.[......>.###.###
#............#.#
#########......... ∆
#.........


You could see 2 wights.

Vanquished Creatures
  An orc warrior (D:5)
  Purgy (D:3)
  A hornet zombie (D:6)
  2 ogres
  A scorpion (D:5)
  2 wights (D:6)
  2 jellies (D:4)
  3 orc priests
  A hound (D:3)
  A bullfrog skeleton (D:5)
  6 orc wizards
  3 gnolls (D:3)
  3 adders
  4 worms
  2 dart slugs (D:2)
  15 orcs
  10 ball pythons
  6 bats
  14 endoplasms
  14 giant cockroaches
  5 goblins
  7 hobgoblins
  6 jackals
  A quokka (D:3)
  7 frilled lizards
  11 kobolds
  4 rats
133 creatures vanquished.

Vanquished Creatures (others)
  4 fungi (D:4)
  6 plants (D:1)
  9 toadstools (D:4)
19 creatures vanquished.

Grand Total: 152 creatures vanquished

Notes
Turn   | Place    | Note
-------+----------+-------------------------------------------
     0 | D:1      | Hot the Gnoll Warper began the quest for the Orb.
     0 | D:1      | Reached XP level 1. HP: 20/20 MP: 6/6
   183 | D:1      | Reached XP level 2. HP: 24/26 MP: 7/7
   707 | D:1      | Reached XP level 3. HP: 29/31 MP: 9/9
   981 | D:1      | Reached skill level 5 in Spellcasting
  1021 | D:1      | Learned a level 3 spell: Gell's Gravitas
  1108 | D:1      | Learned a level 2 spell: Blink
  1446 | D:2      | Reached skill level 1 in Invocations
  1478 | D:2      | Reached skill level 1 in Short Blades
  1478 | D:2      | Reached skill level 1 in Long Blades
  1478 | D:2      | Reached skill level 1 in Axes
  1478 | D:2      | Reached skill level 1 in Maces & Flails
  1478 | D:2      | Reached skill level 1 in Staves
  1478 | D:2      | Reached skill level 1 in Slings
  1478 | D:2      | Reached skill level 1 in Bows
  1478 | D:2      | Reached skill level 1 in Crossbows
  1478 | D:2      | Reached skill level 1 in Stealth
  1478 | D:2      | Reached skill level 1 in Shields
  1478 | D:2      | Reached skill level 1 in Unarmed Combat
  1478 | D:2      | Reached skill level 1 in Evocations
  1554 | D:2      | Reached XP level 4. HP: 37/38 MP: 11/11
  1566 | D:2      | Found Ylyh's Book Boutique.
  1849 | D:2      | Found a faded altar of an unknown god.
  1918 | D:2      | Reached skill level 1 in Conjurations
  1918 | D:2      | Reached skill level 1 in Hexes
  1918 | D:2      | Reached skill level 1 in Summonings
  1918 | D:2      | Reached skill level 1 in Necromancy
  1918 | D:2      | Reached skill level 1 in Transmutations
  1918 | D:2      | Reached skill level 1 in Fire Magic
  1918 | D:2      | Reached skill level 1 in Ice Magic
  1918 | D:2      | Reached skill level 1 in Air Magic
  1918 | D:2      | Reached skill level 1 in Earth Magic
  1918 | D:2      | Reached skill level 1 in Poison Magic
  2435 | D:3      | Noticed Purgy
  2477 | D:3      | Killed Purgy
  2478 | D:3      | Reached XP level 5. HP: 28/43 MP: 12/12
  2739 | D:3      | Reached XP level 6. HP: 41/50 MP: 13/13
  3008 | D:3      | Reached skill level 5 in Fighting
  3008 | D:3      | Reached skill level 5 in Polearms
  3008 | D:3      | Reached skill level 5 in Dodging
  3016 | D:3      | Learned a level 5 spell: Manifold Assault
  3020 | D:3      | Learned a level 3 spell: Lesser Beckoning
  3629 | D:4      | Found a white marble altar of Elyvilon.
  3695 | D:4      | Found a basalt altar of Yredelemnul.
  3704 | D:4      | Found a shimmering blue altar of Sif Muna.
  3722 | D:4      | Reached XP level 7. HP: 56/56 MP: 15/15
  3812 | D:4      | Became a worshipper of Yredelemnul the Dark
  4305 | D:4      | Reached * piety under Yredelemnul
  4488 | D:5      | Entered Level 5 of the Dungeon
  4917 | D:5      | Identified the +2 cloak of Qinusehi {rF+ Str+4}
  5035 | D:5      | Reached XP level 8. HP: 61/63 MP: 7/16
  5046 | D:5      | Learned a level 3 spell: Teleport Other
  5683 | D:6      | Slain by a wight

Illustrated notes

Levels and vault maps discovered:
D:1:      eino_arrival_cavern_a, layout_basic, serial_forest,
          infiniplex_forest_clump_small, infiniplex_forest_clump_diagonal,
          infiniplex_forest_straight_3, infiniplex_forest_lined_4_way,
          infiniplex_forest_straight_4, infiniplex_forest_lined_room_3,
          infiniplex_forest_clump_large
D:2:      minmay_roachtagon, layout_rooms, serial_shops,
          nicolae_shop_temple_entry_statues_fountains,
          chequers_ecumenical_altar_simple_redux, serial_curves, eino_curves_02,
          eino_curves_01, minmay_misc_feat_roman
D:3:      layout_loops_corners, uniq_purgy
D:4:      cheibrodos_fertilizer, layout_cave_pools, grunt_temple_overflow_open,
          kennysheep_generic_room_15
D:5:      layout_loops_ring
D:6:      layout_basic, nicolae_overflow_hidden_temple, lemuel_crystal_altar,
          temple_statues

Skill      XL: |  1  2  3  4  5  6  7  8 |
---------------+-------------------------+-----
Spellcasting   | 5 6 |  6.0
Invocations    | 1 2 3 |  3.5
Short Blades   | 1 2 3 |  3.2
Long Blades    | 1 2 3 |  3.2
Axes           | 1 2 3 |  3.2
Maces & Flails | 1 2 3 |  3.2
Staves         | 1 2 3 |  3.2
Slings         | 1 2 3 |  3.2
Bows           | 1 2 3 |  3.2
Crossbows      | 1 2 3 |  3.2
Stealth        | 1 2 3 |  3.2
Shields        | 1 2 3 |  3.2
Unarmed Combat | 1 2 3 |  3.2
Evocations     | 1 2 3 |  3.2
Conjurations   | 1 2 |  2.6
Hexes          | 1 2 |  2.6
Summonings     | 1 2 |  2.6
Necromancy     | 1 2 |  2.6
Transmutations | 1 2 |  2.6
Fire Magic     | 1 2 |  2.6
Ice Magic      | 1 2 |  2.6
Air Magic      | 1 2 |  2.6
Earth Magic    | 1 2 |  2.6
Poison Magic   | 1 2 |  2.6
Throwing       | 3 4 |  4.1
Armour         | 3 4 |  4.1
Fighting       | 5 |  5.6
Polearms       | 5 |  5.6
Dodging        | 5 |  5.6
Translocations | 6 |  6.1

Action                   |  1- 3 |  4- 6 |  7- 9 || total
-------------------------+-------+-------+-------++-------
Melee: Spear             |   181 |   258 |   292 ||   731
       Bite              |    20 |    30 |    22 ||    72
       Punch             |       |     1 |     8 ||     9
Throw: Dart              |       |     3 |     3 ||     6
 Cast: Gell's Gravitas   |     1 |     7 |    21 ||    29
       Blink             |     1 |     1 |    12 ||    14
  Use: Scroll            |     2 |     5 |     6 ||    13
       Potion            |       |     1 |     1 ||     2
 Stab: Sleeping          |     4 |     3 |     1 ||     8
       Distracted        |       |       |     1 ||     1
Armor: Leather armour    |    31 |    85 |    83 ||   199
Dodge: Dodged            |    68 |   159 |   148 ||   375

Table legend: (Time is in decaauts)
 A = Elapsed time spent in this place.
 B = Non-inter-level travel time spent in this place.
 C = Inter-level travel time spent in this place.
 D = Time resting spent in this place.
 E = Time spent auto-exploring this place.
 F = Levels seen in this place.
 G = Mean time per level.
                   A        B        C        D        E       F      G
               +--------+--------+--------+--------+--------+-----+--------+
         Total |   5554 |   4637 |    917 |      0 |   1725 |   6 |  925.7 |
       Dungeon |   5554 |   4637 |    917 |      0 |   1725 |   6 |  925.7 |
               +--------+--------+--------+--------+--------+-----+--------+

Top non-repeatable levels by time:
     D:1: 1300 daAuts
     D:3: 1214 daAuts
     D:2: 1027 daAuts
     D:5: 988 daAuts
     D:4: 856 daAuts
     D:6: 166 daAuts
